[Event "Team 45 45 League T88"]
[Site "Internet Chess Club"]
[Date "2021.05.05"]
[Round "4"]
[White "DaveTheRook"]
[Black "clarinetref"]
[Result "0-1"]
[WhiteElo "1458"]
[BlackElo "1481"]
[Opening "Réti: King's Indian attack"]
[ECO "A05"]
[Time "18:04:18"]
[TimeControl "2700+45"]

1. Nf3 Nf6 2. g3 g6 3. Bg2 Bg7 4. O-O O-O 5. d3 d5 6. c3 c5 7. Nbd2 Nc6 8. Re1
Qc7 9. a3 b6 10. e4 dxe4 11. dxe4 Ne5 12. Nxe5 Qxe5 13. f4 Qh5 14. e5 Ng4 15. h3
Be6 16. Nf1 Rad8 17. Qe2 Nf6 18. exf6 Qxe2 19. Rxe2 Bxf6 20. Rd2 Bb3 21. Rxd8
Rxd8 22. Be3 e5 23. fxe5 Bxe5 24. Bf4 Bf6 25. Re1 Bg7 26. Bc6 Be6 27. Bc7 Rc8
28. Bg2 Rxc7 29. Rd1 Rd7 30. Re1 Bh6 31. Kh2 Bb3 32. Bf3 Bc4 33. Be2 Re7 {White
resigns} 0-1

[Event "Team 45 45 League T88"]
[Site "Internet Chess Club"]
[Date "2021.04.29"]
[Round "4"]
[White "gregorgg"]
[Black "seattleblues"]
[Result "1/2-1/2"]
[WhiteElo "1395"]
[BlackElo "1328"]
[Opening "Caro-Kann: two knights variation"]
[ECO "B11"]
[Time "06:01:05"]
[TimeControl "2700+45"]

1. e4 c6 2. Nc3 d5 3. Nf3 dxe4 4. Nxe4 Bg4 5. Be2 Nd7 6. h3 Bh5 7. d4 Ngf6 8.
Ng3 Bg6 9. h4 h6 10. O-O e6 11. Ne5 Bh7 12. Nh5 Nxe5 13. dxe5 Nxh5 14. Bxh5 Qxd1
15. Bxd1 Be7 16. h5 O-O {Game drawn by mutual agreement} 1/2-1/2

[Event "Team 45 45 League T88"]
[Site "Internet Chess Club"]
[Date "2021.05.02"]
[Round "4"]
[White "SeniorCitizen"]
[Black "woofgang"]
[Result "1/2-1/2"]
[WhiteElo "1214"]
[BlackElo "1167"]
[Opening "King's pawn game"]
[ECO "C21"]
[Time "12:03:45"]
[TimeControl "2700+45"]

1. e4 e5 2. d4 d6 3. dxe5 dxe5 4. Qxd8+ Kxd8 5. Nf3 Nc6 6. Bc4 f6 7. O-O Bc5 8.
Nc3 a6 9. h3 Nge7 10. Rd1+ Ke8 11. Nd5 Nxd5 12. Bxd5 Ke7 13. Bxc6 bxc6 14. c3
Be6 15. Be3 Bxe3 16. fxe3 Rad8 17. a3 c5 18. Rd2 Rxd2 19. Nxd2 Rd8 20. Nf3 c4
21. Kf2 c5 22. Ke1 Rd3 23. Ke2 h6 24. Rd1 Rxd1 25. Kxd1 Bd7 26. Ke1 Bc6 27. Nd2
f5 28. Kf2 Bxe4 29. Nxe4 fxe4 30. g3 g5 31. g4 Ke6 32. Ke2 Kd6 33. Kd2 Kc6 34.
a4 Kb6 35. Kc2 Ka5 36. b3 Kb6 37. bxc4 a5 38. Kb3 Kc6 39. Kc2 Kb6 40. Kd2 Kc6
41. Ke2 Kd6 42. Kf2 Ke6 43. Kg3 Kf6 44. h4 Kg6 45. h5+ Kf6 46. Kf2 Ke6 47. Ke2
{Game drawn by mutual agreement} 1/2-1/2

[Event "Team 45 45 League T88"]
[Site "Internet Chess Club"]
[Date "2021.05.02"]
[Round "4"]
[White "rgadoury"]
[Black "dwmt"]
[Result "0-1"]
[WhiteElo "1153"]
[BlackElo "1194"]
[Opening "Owen defense"]
[ECO "B00"]
[Time "19:00:36"]
[TimeControl "2700+45"]

1. e4 b6 2. Nc3 Bb7 3. d4 d5 4. e5 e6 5. Nf3 Nc6 6. Bd3 h6 7. a3 Nge7 8. O-O Qd7
9. Re1 O-O-O 10. Bd2 g6 11. Ne2 g5 12. h3 Bg7 13. b4 f5 14. exf6 Bxf6 15. b5 Nb8
16. a4 a5 17. bxa6 Nxa6 18. Bxa6 Bxa6 19. Nc3 Kb7 20. Qb1 Ra8 21. Ne5 Bxe5 22.
Rxe5 Rhf8 23. Re1 Nf5 24. Ne2 Bxe2 25. Rxe2 Nxd4 26. Re3 Nf5 27. Rf3 Nd4 28. Rd3
Ne2+ 29. Kf1 Nf4 30. Bxf4 Rxf4 31. g3 Rfxa4 32. Rxa4 Qxa4 33. Re3 Qd7 34. Kg2
Qc6 35. Kh2 Re8 36. Qb2 Qd7 37. Qf6 Qc6 38. Qxh6 Qxc2 39. Kg2 d4 40. Rxe6 Rxe6
41. Qxe6 Qc6+ 42. Qxc6+ Kxc6 43. Kf3 Kd5 44. Ke2 Ke5 45. f3 b5 46. Kd3 c5 47. g4
Kf4 {White resigns} 0-1

[Event "Team 45 45 League T88"]
[Site "Internet Chess Club"]
[Date "2021.04.30"]
[Round "4"]
[White "Redman1"]
[Black "nidusin2"]
[Result "0-1"]
[WhiteElo "1571"]
[BlackElo "1662"]
[Opening "Queen's Indian: old main line, 6.O-O"]
[ECO "E17"]
[Time "08:02:13"]
[TimeControl "2700+45"]

1. c4 e6 2. Nf3 b6 3. g3 Bb7 4. Bg2 Nf6 5. O-O Be7 6. d4 d6 7. Nc3 Nbd7 8. h3
O-O 9. d5 exd5 10. cxd5 Ne5 11. Nd4 a6 12. Nf5 Re8 13. Nxe7+ Qxe7 14. e4 Bc8 15.
Kh2 h6 16. b3 Nh7 17. Qc2 Ng5 18. Bxg5 hxg5 19. Rac1 Bd7 20. Ne2 Rac8 21. Nd4
Qf6 22. f4 gxf4 23. Rxf4 Ng4+ 24. hxg4 Qxd4 25. Rd1 Qe5 26. Rdf1 Re7 27. Qf2 Rf8
28. Rc1 g5 29. Rf3 Bxg4 30. Rfc3 Rc8 31. Qc2 f5 32. exf5 Bxf5 33. Qd2 Bg4 34.
Qd3 Qf5 35. Qxa6 Qf2 36. R3c2 Rh7# {White checkmated} 0-1

[Event "Team 45 45 League T88"]
[Site "Internet Chess Club"]
[Date "2021.05.02"]
[Round "4"]
[White "Insan996"]
[Black "borfin"]
[Result "1-0"]
[WhiteElo "1590"]
[BlackElo "1544"]
[Opening "QGD Slav defense: exchange variation"]
[ECO "D13"]
[Time "16:04:16"]
[TimeControl "2700+45"]

1. d4 d5 2. c4 c6 3. cxd5 cxd5 4. Nc3 Nf6 5. Nf3 Nc6 6. Bf4 a6 7. Ne5 Qb6 8. e3
Qxb2 9. Rc1 Bf5 10. Bd3 Ne4 11. Bxe4 Bxe4 12. O-O Nxe5 13. Bxe5 e6 14. Nxe4 dxe4
15. Rb1 Qc3 16. Rxb7 Qc6 17. Qb1 Rc8 18. Rb8 f6 19. Rc1 Rxb8 20. Qxb8+ Kf7 21.
Rxc6 fxe5 22. Qxe5 {Black resigns} 1-0

[Event "Team 45 45 League T88"]
[Site "Internet Chess Club"]
[Date "2021.04.30"]
[Round "4"]
[White "Chess4Him"]
[Black "fireball"]
[Result "1-0"]
[WhiteElo "1518"]
[BlackElo "1467"]
[Opening "Queen's pawn: London system"]
[ECO "A45"]
[Time "10:06:51"]
[TimeControl "2700+45"]

1. d4 Nf6 2. Bf4 c5 3. d5 d6 4. Nc3 g6 5. e4 Bg7 6. Nf3 O-O 7. Qd2 Nbd7 8. Bh6
Nh5 9. Be2 Bxh6 10. Qxh6 f6 11. h4 Ng7 12. Ng5 fxg5 13. hxg5 Kf7 14. Qxh7 Rg8
15. Qh4 Nb6 16. Qh7 Bd7 17. Rh6 Qe8 18. Rxg6 Kf8 19. Bh5 Qd8 20. O-O-O Be8 21.
Rxg7 Rxg7 22. Qh8+ Rg8 23. Qh6+ Rg7 24. g6 e5 25. Qh8+ Rg8 26. g7+ Ke7 27. Qxg8
Bxh5 28. Qe6# {Black checkmated} 1-0

[Event "Team 45 45 League T88"]
[Site "Internet Chess Club"]
[Date "2021.05.02"]
[Round "4"]
[White "smsxman"]
[Black "oldsj"]
[Result "1/2-1/2"]
[WhiteElo "1450"]
[BlackElo "1409"]
[Opening "Sicilian: Sozin attack"]
[ECO "B86"]
[Time "10:59:56"]
[TimeControl "2700+45"]

1. e4 c5 2. Nf3 d6 3. Nc3 Nf6 4. Bc4 e6 5. d4 cxd4 6. Nxd4 Be7 7. O-O O-O 8. Nf3
a6 9. Bd3 b5 10. a3 Bb7 11. Re1 Nbd7 12. Bf4 Nc5 13. e5 Nd5 14. Nxd5 Bxd5 15. b4
Nxd3 16. Qxd3 Bc4 17. Qd2 d5 18. Rad1 Rc8 19. Qe3 Rc6 20. Nd4 Rc8 21. Qg3 Kh8
22. c3 Rg8 23. Qe3 Qe8 24. Ra1 Bd8 25. Qd2 Bb6 26. Be3 Bxd4 27. Bxd4 Qd8 28. Re3
Qg5 29. Qe1 Qe7 30. Rh3 Qe8 31. Qe3 Rc7 32. Re1 Bb3 33. Qc1 Ba4 34. Qb1 g6 35.
Qc1 Qf8 36. Bc5 Qd8 37. Be3 Qc8 38. Bg5 h5 39. Bf6+ Kh7 40. Qb1 Kh6 41. Qc1+ Kh7
42. Qd2 Rc4 43. Ree3 d4 44. Rd3 Qc6 45. Qe2 Rg7 46. Bxg7 Kxg7 47. Rhg3 dxc3 48.
Qe1 c2 49. Rc3 Re4 50. Rge3 Rxe3 51. Qxe3 Qd5 52. h3 Qd1+ 53. Kh2 Qd7 54. f4 Qd5
55. Rc5 Qd7 56. Qc1 Qd1 57. Qb2 Qd2 58. Kg3 Qe3+ 59. Kh2 Qxf4+ 60. Kg1 Qe3+ 61.
Kh2 Qf4+ 62. Kg1 Qe3+ 63. Kh2 h4 64. Qc3 Qf4+ 65. Kg1 Qc1+ 66. Kh2 Qf4+ 67. Kg1
Qc1+ 68. Kh2 Qf4+ {Game drawn by repetition} 1/2-1/2

[Event "Team 45 45 League T88"]
[Site "Internet Chess Club"]
[Date "2021.05.02"]
[Round "4"]
[White "julesraider"]
[Black "MrAbendroth"]
[Result "0-1"]
[WhiteElo "1550"]
[BlackElo "1706"]
[Opening "Queen's Indian: 4.Nc3"]
[ECO "E12"]
[Time "10:00:32"]
[TimeControl "2700+45"]

1. d4 Nf6 2. c4 e6 3. Nf3 b6 4. Nc3 Bb7 5. Qc2 d6 6. e4 Nbd7 7. Be2 Be7 8. O-O
O-O 9. Rd1 h6 10. e5 Ne8 11. Be3 Qb8 12. Bf4 c6 13. Ne4 d5 14. Nf6+ Nexf6 15.
exf6 Qxf4 16. fxe7 Rfe8 17. cxd5 exd5 18. g3 Qf6 19. b4 Qxe7 20. Qf5 Nf6 21. Ne5
Qe6 22. Qf3 Nd7 23. Qf4 Nxe5 24. dxe5 Qxe5 25. Qxe5 Rxe5 26. Bd3 Rae8 27. Kf1
R8e7 28. Rac1 g6 29. a4 Bc8 30. Rxc6 Bh3+ 31. Kg1 Re1+ {White resigns} 0-1

[Event "Team 45 45 League T88"]
[Site "Internet Chess Club"]
[Date "2021.04.29"]
[Round "4"]
[White "RD1974"]
[Black "kabindra"]
[Result "1-0"]
[WhiteElo "1537"]
[BlackElo "1644"]
[Opening "Sicilian: closed, Korchnoi variation"]
[ECO "B23"]
[Time "18:00:29"]
[TimeControl "2700+45"]

1. e4 c5 2. Nc3 e6 3. g3 d5 4. Bg2 d4 5. Nb5 a6 6. Na3 e5 7. d3 b5 8. Ne2 Bb7 9.
O-O Bd6 10. f4 Nf6 11. fxe5 Bxe5 12. Bf4 Nbd7 13. Qd2 O-O 14. h3 Qc7 15. Rf2
Rad8 16. Raf1 Rde8 17. Nb1 Qd6 18. Qa5 Qe6 19. Nd2 Nh5 20. Bxe5 Qxe5 21. Rf5
Nxg3 22. Rxe5 Nxe2+ 23. Kh2 Nxe5 24. Qc7 Bc8 25. Qxc5 Ng6 26. Bf3 Re5 27. Qd6
Nef4 28. Bg4 Bxg4 29. Rxf4 Re6 30. Qc7 Nxf4 31. Qxf4 Bd1 32. Qf2 Rd8 33. Nb3 Rf6
34. Qg2 Bf3 35. Qg3 Bd1 36. Qg2 Bf3 37. Qg3 Bd1 38. Nxd4 Rg6 39. Qc7 Rf8 40. Nf5
Re6 41. Qg3 Bxc2 42. Qxg7# {Black checkmated} 1-0

[Event "Team 45 45 League T88"]
[Site "Internet Chess Club"]
[Date "2021.04.29"]
[Round "4"]
[White "sdcohle"]
[Black "RoyalFizzbin"]
[Result "0-1"]
[WhiteElo "1342"]
[BlackElo "1283"]
[Opening "Scandinavian: Pytel-Wade variation"]
[ECO "B01"]
[Time "17:00:26"]
[TimeControl "2700+45"]

1. e4 d5 2. exd5 Qxd5 3. Nc3 Qd6 4. Be2 Nf6 5. Nf3 c6 6. O-O Bg4 7. h3 Bh5 8. d3
Nbd7 9. Be3 e6 10. Qd2 Be7 11. d4 O-O 12. Bf4 Qb4 13. Rab1 Qb6 14. Rfe1 Qd8 15.
Rbd1 Nb6 16. Qd3 Bg6 17. Qd2 Nbd5 18. Bh2 h6 19. Bd3 Bxd3 20. Qxd3 Qb6 21. Rb1
Nb4 22. Qd2 Nbd5 23. a3 Qd8 24. Ne4 Nxe4 25. Rxe4 Nf6 26. Ree1 Bd6 27. Be5 Be7
28. c3 Qd5 29. Qe2 Qb3 30. Nd2 Qd5 31. Nf3 Qb3 32. Qd3 Rfe8 33. Nh2 Rad8 34. Qg3
Nh5 35. Qf3 Nf6 36. Ng4 Nxg4 37. Qxg4 f6 38. Bf4 g5 39. Qxe6+ Qxe6 40. Rxe6 gxf4
41. Rbe1 Kf7 42. f3 Bf8 43. Rxe8 Rxe8 44. Re4 Rxe4 45. fxe4 Ke6 46. Kf2 Bd6 47.
Kf3 c5 48. dxc5 Bxc5 49. Kxf4 Bd6+ 50. Kf3 h5 51. b3 Bxa3 52. c4 Bd6 53. Ke3 h4
54. Kf3 f5 55. exf5+ Kxf5 56. Ke3 Bc5+ 57. Kf3 Bd6 58. Ke3 Ke5 59. Kf3 Kd4 60.
Kg4 Bg3 61. b4 Kxc4 62. Kf3 Kxb4 63. Ke3 a5 64. Kd2 Kb3 65. Kc1 Be5 66. Kb1 a4
67. g4 hxg3 68. h4 g2 69. Kc1 g1=Q+ 70. Kd2 Qg3 71. h5 Bc3+ 72. Kd1 Qf2 73. h6
Qd2# {White checkmated} 0-1

[Event "Team 45 45 League T88"]
[Site "Internet Chess Club"]
[Date "2021.04.29"]
[Round "4"]
[White "jaboti"]
[Black "Constrictor"]
[Result "1/2-1/2"]
[WhiteElo "1564"]
[BlackElo "1507"]
[Opening "Caro-Kann: exchange, Rubinstein variation"]
[ECO "B13"]
[Time "20:01:55"]
[TimeControl "2700+45"]

1. d4 c6 2. e4 d5 3. exd5 cxd5 4. Bd3 Nc6 5. c3 Nf6 6. Bf4 Bg4 7. Qb3 Qd7 8. Nd2
e6 9. Ngf3 a6 10. O-O Bh5 11. Rfe1 Bg6 12. Bxg6 hxg6 13. Ne5 Qc8 14. Ndf3 Be7
15. Nxc6 bxc6 16. Ne5 O-O 17. Qc2 c5 18. Rac1 cxd4 19. cxd4 Qxc2 20. Rxc2 Nh5
21. Bd2 Rfc8 22. Rec1 Rxc2 23. Rxc2 Bd6 24. Rc6 Be7 25. Rc7 Kf8 26. Nc6 Bd8 27.
Nxd8 Rxd8 28. b3 {Game drawn by mutual agreement} 1/2-1/2

[Event "Team 45 45 League T88"]
[Site "Internet Chess Club"]
[Date "2021.04.30"]
[Round "4"]
[White "bardu"]
[Black "OGO"]
[Result "0-1"]
[WhiteElo "1336"]
[BlackElo "1230"]
[Opening "QGD: Marshall defense"]
[ECO "D06"]
[Time "14:08:07"]
[TimeControl "2700+45"]

1. d4 d5 2. c4 Nf6 3. Nc3 c6 4. e3 g6 5. Nf3 Bg4 6. h3 Bf5 7. Bd3 Bxd3 8. Qxd3
Bg7 9. e4 dxe4 10. Nxe4 O-O 11. Nxf6+ Bxf6 12. O-O Nd7 13. Bh6 Re8 14. Rfe1 Nc5
15. Qe3 Ne6 16. Rad1 Bg7 17. d5 cxd5 18. cxd5 Nc7 19. Bxg7 Kxg7 20. Qd4+ Kg8 21.
Re4 Nb5 22. Qe5 Nd6 23. Rg4 Rc8 24. h4 Qd7 25. Qh5 Qf5 26. Qh6 Qxg4 27. Ng5 Qh5
{White resigns} 0-1

[Event "Team 45 45 League T88"]
[Site "Internet Chess Club"]
[Date "2021.05.01"]
[Round "4"]
[White "kingsrook"]
[Black "smsxman"]
[Result "0-1"]
[WhiteElo "1134"]
[BlackElo "1437"]
[Opening "Queen's pawn"]
[ECO "A40"]
[Time "14:03:27"]
[TimeControl "2700+45"]

1. d4 e6 2. c4 c5 3. e3 cxd4 4. exd4 Nf6 5. Nc3 Bb4 6. a3 Bxc3+ 7. bxc3 Nc6 8.
Bd3 e5 9. d5 Ne7 10. Qe2 d6 11. Nf3 Bf5 12. Bxf5 Nxf5 13. O-O O-O 14. Rb1 b6 15.
h3 Re8 16. Ng5 h6 17. Ne4 Nxe4 18. Qxe4 Qf6 19. Qg4 Ne7 20. Re1 Qg6 21. Qe4 Rac8
22. Rb4 f5 23. Qd3 Qf6 24. Qe3 Ng6 25. f3 f4 26. Qe4 Ne7 27. Qe2 Nf5 28. Qe4 Ng3
29. Qd3 Qf5 30. Qd2 Qg6 31. Qf2 Rb8 32. Rb3 Qd3 {White forfeits on time} 0-1

[Event "Team 45 45 League T88"]
[Site "Internet Chess Club"]
[Date "2021.04.29"]
[Round "4"]
[White "Ostap-Bender"]
[Black "jungleboy"]
[Result "1-0"]
[WhiteElo "1239"]
[BlackElo "1149"]
[Opening "Ruy Lopez: modern Steinitz defense"]
[ECO "C71"]
[Time "19:01:12"]
[TimeControl "2700+45"]

1. e4 e5 2. Nf3 Nc6 3. Bb5 a6 4. Ba4 d6 5. d4 b5 6. Bb3 h6 7. d5 Na5 8. O-O Nxb3
9. axb3 Bg4 10. h3 Bh5 11. Re1 Qf6 12. Qd3 Bxf3 13. Qxf3 Qxf3 14. gxf3 Nf6 15.
Bd2 Be7 16. c4 Kd7 17. Ba5 Nh7 18. Nd2 Bg5 19. Kg2 Rhg8 20. Rec1 Rgc8 21. c5
Rab8 22. c6+ Ke8 23. Bb4 Ra8 24. Ra3 Ke7 25. Rca1 Rcb8 26. Rxa6 Rxa6 27. Rxa6
Ke8 28. Ra7 Bd8 29. Ba5 Rc8 30. Nb1 Nf6 31. Nc3 Ke7 32. Nxb5 Ne8 33. Kg3 h5 34.
f4 f6 35. fxe5 fxe5 36. f4 Kf6 37. fxe5+ Kxe5 38. Kf3 g6 39. Bc3# {Black
checkmated} 1-0

[Event "Team 45 45 League T88"]
[Site "Internet Chess Club"]
[Date "2021.05.02"]
[Round "4"]
[White "Pawnchain"]
[Black "Gojira"]
[Result "0-1"]
[WhiteElo "1315"]
[BlackElo "1556"]
[Opening "Queen's pawn: London system"]
[ECO "A45"]
[Time "07:00:38"]
[TimeControl "2700+45"]

1. d4 Nf6 2. Bf4 c5 3. d5 d6 4. Nd2 e5 5. Bg5 h6 6. Bxf6 Qxf6 7. e4 Be7 8. Qf3
Qg6 9. Bb5+ Nd7 10. Qg3 Bg5 11. Ngf3 a6 12. Bxd7+ Bxd7 13. Nxg5 hxg5 14. O-O-O
Rh4 15. f3 Qh6 16. h3 g4 17. Rhg1 gxh3 18. gxh3 g6 19. Kb1 Rxh3 20. Qg5 Qxg5 21.
Rxg5 Rh4 22. Nc4 Ke7 23. Nb6 Rah8 24. Nxd7 Kxd7 25. c4 Rf4 26. Rf1 {White
resigns} 0-1

[Event "Team 45 45 League T88"]
[Site "Internet Chess Club"]
[Date "2021.05.02"]
[Round "4"]
[White "cap78red"]
[Black "Tjet"]
[Result "1-0"]
[WhiteElo "1374"]
[BlackElo "1304"]
[Opening "English: symmetrical variation"]
[ECO "A34"]
[Time "15:08:14"]
[TimeControl "2700+45"]

1. c4 c5 2. Nc3 g6 3. e4 Bg7 4. f4 d6 5. Nf3 Bg4 6. Be2 Nc6 7. O-O Nd4 8. Nxd4
cxd4 9. Bxg4 dxc3 10. bxc3 Qb6+ 11. d4 e5 12. fxe5 dxe5 13. Qa4+ Qc6 14. Bd7+
Qxd7 15. Qxd7+ Kxd7 16. Rxf7+ Ne7 17. Rxg7 exd4 18. cxd4 Rac8 19. Bg5 Rce8 20.
Rf1 h6 21. Bf6 Rhg8 22. e5 Rxg7 23. Bxg7 h5 24. Rf7 Ke6 25. Rf6+ Kd7 26. d5 Rg8
27. Rf7 Ke8 28. e6 Nf5 29. Be5 Rf8 30. Rxb7 Ne3 31. Rb8+ Ke7 32. Bd6+ Kxd6 33.
Rxf8 Nxc4 34. Rd8+ {Black resigns} 1-0

[Event "Team 45 45 League T88"]
[Site "Internet Chess Club"]
[Date "2021.05.01"]
[Round "4"]
[White "xingon"]
[Black "CMAlge"]
[Result "1-0"]
[WhiteElo "1439"]
[BlackElo "1261"]
[Opening "Ruy Lopez: Berlin defense, open variation"]
[ECO "C67"]
[Time "10:00:45"]
[TimeControl "2700+45"]

1. e4 e5 2. Nf3 Nc6 3. Bb5 Nf6 4. O-O Nxe4 5. Re1 Nd6 6. Bxc6 dxc6 7. Nxe5 Be7
8. d4 O-O 9. Nd2 Be6 10. Ne4 Nxe4 11. Rxe4 Bg5 12. Qh5 Qd5 13. Qf3 f6 14. Bxg5
fxg5 15. c4 Rxf3 16. cxd5 cxd5 17. gxf3 dxe4 18. fxe4 c6 19. b3 Rd8 20. Rd1 g6
21. Kg2 Kg7 22. Kg3 h5 23. f3 h4+ 24. Kg2 Kf6 25. Ng4+ Bxg4 26. fxg4 Ke6 27. b4
b6 28. Kf3 Rf8+ 29. Ke3 h3 30. d5+ cxd5 31. Rxd5 Rf1 32. Rxg5 Kf6 33. Rd5 Ke6
34. Rd2 Re1+ 35. Kf3 Rf1+ 36. Kg3 Ke5 37. Re2 Rf4 38. Kxh3 g5 39. Kg3 Rxe4 40.
Rxe4+ Kxe4 41. h4 gxh4+ 42. Kxh4 Ke5 43. g5 Ke6 44. g6 Kf6 45. Kh5 Kg7 46. Kg5
b5 47. a3 a6 48. Kf5 Kg8 49. Kf6 Kf8 50. g7+ Kg8 51. Kg6 a5 52. bxa5 b4 53. a6
bxa3 54. a7 a2 55. a8=R# {Black checkmated} 1-0

[Event "Team 45 45 League T88"]
[Site "Internet Chess Club"]
[Date "2021.05.03"]
[Round "4"]
[White "seldredg"]
[Black "Visin"]
[Result "1-0"]
[WhiteElo "1290"]
[BlackElo "1287"]
[Opening "Queen's pawn game, Chigorin variation"]
[ECO "D02"]
[Time "12:30:45"]
[TimeControl "2700+45"]

1. d4 d5 2. Nf3 Nc6 3. e3 Nf6 4. b3 a6 5. Nbd2 Bf5 6. Bb2 e6 7. Ne5 Nxe5 8. dxe5
Ne4 9. g3 Nxd2 10. Qxd2 Be4 11. Rg1 a5 12. Bg2 Bxg2 13. Rxg2 c5 14. Rd1 Be7 15.
f4 Rc8 16. c4 dxc4 17. bxc4 Qxd2+ 18. Rgxd2 Rd8 19. Rxd8+ Bxd8 20. a4 Bc7 21. e4
g6 22. Ke2 Ke7 23. Kf3 h5 24. h4 b6 25. f5 exf5 26. exf5 Rd8 27. f6+ Ke8 28.
Rxd8+ Bxd8 29. Ke4 Kd7 30. Kd5 Bc7 31. Bc1 Ke8 32. Kc6 Bd8 33. Bf4 Kf8 34. Kd6
b5 35. Kxc5 bxa4 36. Bc1 Ke8 37. Kc6 Kf8 38. c5 Ke8 39. Kd6 Kf8 40. Kd7 Bxf6
{Black resigns} 1-0

[Event "Team 45 45 League T88"]
[Site "Internet Chess Club"]
[Date "2021.05.03"]
[Round "4"]
[White "fileman"]
[Black "room-matt"]
[Result "1-0"]
[WhiteElo "1784"]
[BlackElo "1862"]
[Opening "Scotch: Potter variation"]
[ECO "C45"]
[Time "12:07:45"]
[TimeControl "2700+45"]

1. e4 e5 2. Nf3 Nc6 3. d4 exd4 4. Nxd4 Bc5 5. Nb3 Bb6 6. Nc3 Qf6 7. Qe2 Nge7 8.
Be3 d6 9. f3 O-O 10. h4 h6 11. g4 Ne5 12. Bg2 Bxe3 13. Qxe3 Nc4 14. Qc1 Re8 15.
Nd2 Be6 16. Nxc4 Bxc4 17. Qd2 Nc6 18. O-O-O Qe6 19. b3 Ba6 20. Nd5 Rac8 21. Rhe1
Qe5 22. Kb1 Qg3 23. g5 h5 24. Rh1 b6 25. Rdg1 Bb7 26. Bh3 Qxf3 27. Bxc8 Rxc8 28.
g6 fxg6 29. Rh2 Qxe4 30. Rhg2 Ne5 31. Ne7+ Kh7 32. Nxc8 Nf3 33. Qd3 Qxd3 34.
cxd3 Nxg1 35. Rxg1 Bxc8 36. Re1 Bf5 37. Kc2 Kh6 38. Kc3 g5 39. hxg5+ Kxg5 40.
Re7 Kf6 41. Rxc7 a6 42. Rc6 Ke5 43. Rxb6 Bc8 44. Rb4 g5 45. Kd2 h4 46. Ke3 h3
47. Kf2 g4 48. Kg3 d5 49. Rf4 Bf5 50. d4+ Kf6 51. b4 Kg5 52. Rf2 Bd3 53. a4 Bc4
54. Rf8 Bd3 55. Rg8+ Bg6 56. b5 axb5 57. axb5 Kf5 58. Rxg6 Kxg6 59. b6 {Black
resigns} 1-0

[Event "Team 45 45 League T88"]
[Site "Internet Chess Club"]
[Date "2021.05.02"]
[Round "4"]
[White "Rookmaster"]
[Black "dalmata"]
[Result "1-0"]
[WhiteElo "1586"]
[BlackElo "1544"]
[Opening "French: Two knights variation"]
[ECO "C00"]
[Time "11:00:07"]
[TimeControl "2700+45"]

1. e4 e6 2. Nf3 d5 3. Nc3 dxe4 4. Nxe4 Nc6 5. d4 Nf6 6. Bg5 Be7 7. Bd3 Nxd4 8.
Nxd4 Nxe4 9. Bxe7 Nxf2 10. Bxd8 Nxd1 11. Rxd1 Kxd8 12. O-O Ke7 13. Nf3 Bd7 14.
Ne5 Be8 15. Be2 f6 16. Nf3 Bg6 17. Bd3 Bxd3 18. Rxd3 Rad8 19. Rfd1 Rxd3 20. Rxd3
e5 21. Nd2 Rc8 22. Kf2 a5 23. Ke3 b6 24. g4 Rf8 25. Ne4 f5 26. gxf5 Rxf5 27. Ng3
Rf4 28. Rc3 Kd7 29. b3 Rh4 30. Rd3+ Ke6 31. Rd2 a4 32. c4 axb3 33. axb3 g5 34.
Rg2 h6 35. Nf1 {Black resigns} 1-0

[Event "Team 45 45 League T88"]
[Site "Internet Chess Club"]
[Date "2021.05.02"]
[Round "4"]
[White "vhuffst"]
[Black "Kingofknights"]
[Result "1-0"]
[WhiteElo "1357"]
[BlackElo "1499"]
[Opening "Caro-Kann: anti-anti-Caro-Kann defense"]
[ECO "A11"]
[Time "18:00:50"]
[TimeControl "2700+45"]

1. c4 c6 2. e4 d5 3. cxd5 cxd5 4. exd5 Nf6 5. Nc3 Nxd5 6. Bc4 Nf6 7. Nf3 e6 8.
O-O Nc6 9. d4 a6 10. Re1 Be7 11. a3 O-O 12. Ba2 b5 13. d5 exd5 14. Nxd5 Nxd5 15.
Qxd5 Bb7 16. Qh5 Bf6 17. Bg5 Bxg5 18. Nxg5 h6 19. Nxf7 Qf6 20. Nxh6+ Kh8 21.
Ng4+ {Black resigns} 1-0

[Event "Team 45 45 League T88"]
[Site "Internet Chess Club"]
[Date "2021.05.04"]
[Round "4"]
[White "Goli"]
[Black "fledermaus"]
[Result "0-1"]
[WhiteElo "1763"]
[BlackElo "1850"]
[Opening "Caro-Kann: Panov-Botvinnik attack"]
[ECO "B13"]
[Time "15:01:08"]
[TimeControl "2700+45"]

1. e4 c6 2. d4 d5 3. exd5 cxd5 4. c4 Nf6 5. Nc3 Nc6 6. Nf3 a6 7. a3 Bg4 8. Be3
e6 9. c5 Ne4 10. Na4 Be7 11. Nb6 Rb8 12. Be2 Bf6 13. O-O O-O 14. h3 Bxf3 15.
Bxf3 Nd6 16. Bf4 Nc8 17. Bxb8 Nxb6 18. Bf4 Nc8 19. Be3 N8e7 20. g4 g5 21. Be2
Ng6 22. Qd2 h6 23. b4 e5 24. dxe5 Bxe5 25. Rad1 d4 26. Qc2 Qf6 27. Bc1 Nf4 28.
Qe4 Nxh3+ 29. Kg2 Nf4+ 30. Bxf4 gxf4 31. Bd3 Qg7 32. f3 f5 33. Qd5+ Kh8 34. Kf2
fxg4 35. fxg4 Qxg4 36. Qf3 Qg3+ 37. Ke2 Bc7 38. Qxg3 Re8+ 39. Kd2 fxg3 40. Rf6
Re7 41. Rxh6+ Kg8 42. Rg6+ Kf8 43. Rf1+ Rf7 44. Rgf6 Rxf6 45. Rxf6+ Ke7 46. Rg6
Bf4+ 47. Ke2 Ne5 48. Rg7+ Kf6 49. Rxb7 Nxd3 50. Kf1 Ne5 51. Rb6+ Kf5 52. c6 Nc4
53. c7 Nxb6 54. a4 Bxc7 {White resigns} 0-1

[Event "Team 45 45 League T88"]
[Site "Internet Chess Club"]
[Date "2021.05.02"]
[Round "4"]
[White "MathBandit"]
[Black "Egmont"]
[Result "0-1"]
[WhiteElo "1648"]
[BlackElo "1675"]
[Opening "French: advance, Euwe variation"]
[ECO "C00"]
[Time "08:00:30"]
[TimeControl "2700+45"]

1. e4 e6 2. Nf3 d5 3. e5 Bd7 4. d4 c5 5. c3 Nc6 6. Be2 cxd4 7. cxd4 Qb6 8. O-O
Nh6 9. Bxh6 Qxb2 10. Qd2 Qxa1 11. Nc3 Qxf1+ 12. Kxf1 gxh6 13. Nb5 Rc8 14. Nd6+
Bxd6 15. exd6 Kf8 16. Qxh6+ Kg8 17. Ng5 Nxd4 18. Bd3 Rc1# {White checkmated} 0-1

[Event "Team 45 45 League T88"]
[Site "Internet Chess Club"]
[Date "2021.04.30"]
[Round "4"]
[White "cityprosecutor"]
[Black "MrAbendroth"]
[Result "0-1"]
[WhiteElo "1701"]
[BlackElo "1696"]
[Opening "Alekhine's defense: exchange variation"]
[ECO "B02"]
[Time "14:01:22"]
[TimeControl "2700+45"]

1. e4 Nf6 2. e5 Nd5 3. c4 Nb6 4. d4 d6 5. exd6 exd6 6. Nc3 Be7 7. Bd3 O-O 8.
Nge2 Bg4 9. Qc2 g6 10. h3 Bxe2 11. Nxe2 Re8 12. O-O Bf8 13. Nf4 Nc6 14. Be3 Nb4
15. Qc3 Nxd3 16. Qxd3 Bg7 17. Rad1 Rc8 18. b4 d5 19. c5 Nc4 20. Rc1 Nxe3 21.
fxe3 c6 22. a4 Re4 23. Rf3 Qe7 24. Rcf1 Re8 25. Kf2 f5 26. g3 Bh6 27. Ng2 Bg7
28. Rf4 Qd7 29. Rh1 g5 30. Rxe4 fxe4 31. Qe2 Rf8+ 32. Ke1 Qf5 33. g4 Qf3 34. Rf1
Qg3+ 35. Kd1 Rf3 36. Kd2 Qxh3 {White resigns} 0-1

[Event "Team 45 45 League T88"]
[Site "Internet Chess Club"]
[Date "2021.05.01"]
[Round "4"]
[White "Redman1"]
[Black "harrington"]
[Result "1/2-1/2"]
[WhiteElo "1568"]
[BlackElo "1502"]
[Opening "King's Indian: fianchetto, lesser Simagin (Spassky) variation"]
[ECO "E62"]
[Time "09:00:14"]
[TimeControl "2700+45"]

1. d4 Nf6 2. Nf3 g6 3. g3 Bg7 4. Bg2 O-O 5. O-O d6 6. c4 Nc6 7. Nc3 Bf5 8. d5
Na5 9. Qa4 c6 10. Nd4 Bd7 11. dxc6 Nxc6 12. Nxc6 Bxc6 13. Bxc6 bxc6 14. Qxc6 Rc8
15. Qa4 Qc7 16. Bd2 Qxc4 17. Qxa7 Ne4 18. Qe3 Nxd2 19. Qxd2 Bxc3 20. bxc3 Qxc3
21. Qxc3 Rxc3 22. a4 Ra8 23. Rfb1 Rc5 24. e3 f5 25. Kf1 Kf7 26. Ke2 Rc2+ 27. Kf3
Kf6 28. Rb7 Ra5 29. Rb4 Rd5 30. Rd4 Rdc5 31. a5 Rb2 32. Rdd1 Rcc2 33. Rf1 Ra2
34. Rad1 Rxa5 35. e4 Ra3+ 36. Kg2 fxe4 37. Kg1 Raa2 38. Rde1 d5 39. Ra1 d4 40.
Rxa2 Rxa2 41. Rd1 d3 42. Kf1 Kf5 43. h4 Kg4 44. Re1 Kf3 45. Re3+ Kg4 46. Rxe4+
Kh3 47. Ke1 Ra1+ 48. Kd2 Ra2+ 49. Kxd3 Rxf2 50. Rxe7 h5 51. Ke3 Kxg3 52. Re6
Rf3+ {Game drawn by mutual agreement} 1/2-1/2